 Dungeon Crawl Stone Soup version 0.20.1-1-g8b1a95d (console) character file.

759 bli the Chiller (level 7, -10/51 HPs)
             Began as a Barachi Ice Elementalist on July 23, 2017.
             Mangled by Menkaure (22 damage)
             ... on level 5 of the Dungeon.
             The game lasted 00:20:43 (5106 turns).

bli the Chiller (Barachi Ice Elementalist)          Turns: 5106, Time: 00:20:44

Health: -10/51     AC:  5    Str: 10    XL:     7   Next: 80%
Magic:  10/15      EV: 12    Int: 16    God:
Gold:   162        SH:  0    Dex: 13    Spells: 10/17 levels left

rFire    . . .     SeeInvis .   t - +0 dagger
rCold    . . .     Gourm    .   (no shield)
rNeg     + . .     Faith    .   w - +0 leather armour
rPois    .         Spirit   .   v - +0 helmet
rElec    .         Reflect  .   (no cloak)
rCorr    .         Harm     .   G - +0 pair of gloves
MR       .....                  (no boots)
Stlth    ++........             H - amulet of rage
Regen    0.2/turn               h - ring of positive energy
MPRegen  0.2/turn               n - ring of wizardry

@: slow
A: +LOS, swims, slowness 1, strong legs 1
a: Hop, Evoke Berserk Rage


You were on level 5 of the Dungeon.
You were hungry.

You visited 1 branch of the dungeon, and saw 5 of its levels.

You collected 182 gold pieces.
You spent 20 gold pieces at shops.

Inventory:

Hand Weapons
 a - a +0 short sword
 b - a cursed -1 dagger
 t - a +0 dagger (weapon)
Missiles
 g - 90 stones (quivered)
Armour
 e - a +0 ring mail
 p - a +0 robe
 r - a +0 large shield
 v - a +0 helmet (worn)
 w - a +0 leather armour (worn)
 D - a +0 scale mail
 G - a +0 pair of gloves (worn)
 I - a +0 chain mail
Magical Staves
 F - an uncursed staff of fire
Jewellery
 h - a ring of positive energy (left hand)
 n - a ring of wizardry (right hand)
 y - an uncursed ring of flight
 H - an amulet of rage (around neck)
Scrolls
 i - a scroll of remove curse
 k - a scroll of fear {unknown}
 l - a scroll of magic mapping {unknown}
 o - a scroll of random uselessness {unknown}
 u - a scroll of enchant armour {unknown}
 A - 2 scrolls of immolation
 C - 2 scrolls of identify
 K - a scroll of enchant weapon {unknown}
 L - a scroll of fog {unknown}
 M - a scroll of teleportation {unknown}
Potions
 d - 3 potions of agility {unknown}
 m - a potion of might {unknown}
 q - a potion of flight {unknown}
 s - a potion of haste
 x - a potion of cancellation {unknown}
 z - a potion of berserk rage {unknown}
 B - a potion of lignification {unknown}
 E - 2 potions of degeneration {unknown}
Books
 j - a book of Frost

   Spells                             Type                      Level
   a - Freeze                         Ice                          1
   b - Throw Frost                    Conjuration/Ice              2
   c - Ozocubu's Armour               Charms/Ice                   3
   d - Throw Icicle                   Conjuration/Ice              4
   e - Summon Ice Beast               Ice/Summoning                4
 J - a book of Callings

   Spells                             Type                      Level
   a - Summon Small Mammal            Summoning                    1
   b - Call Imp                       Summoning                    2
   c - Call Canine Familiar           Summoning                    3
   d - Summon Guardian Golem          Hexes/Summoning              3
   e - Summon Lightning Spire         Summoning/Air                4
   f - Summon Ice Beast               Ice/Summoning                4
Comestibles
 c - 5 bread rations
 f - a fruit
 N - 2 royal jellies


   Skills:
 * Level 2.6 Fighting
 + Level 2.1 Short Blades
 + Level 2.6 Armour
 + Level 2.7 Dodging
 + Level 2.3 Stealth
 + Level 5.6 Spellcasting
   Level 1.1 Conjurations
 + Level 1.3 Summonings
 + Level 6.1 Ice Magic


You had 10 spell levels left.
You knew the following spells:

 Your Spells              Type           Power        Failure   Level  Hunger
a - Freeze                Ice            ###.         1%          1    None
B - Summon Ice Beast      Ice/Summ       ###.....     16%         4    ####...
I - Call Imp              Summ           #.......     6%          2    #......


Dungeon Overview and Level Annotations

Branches:
Dungeon (5/15)
 Temple: D:4-7

Altars:
Okawaru
Trog
Xom
Zin

Shops:
D:4 *   D:5 =

Annotations:
D:3 bli's ghost, amateur BaIE
D:5 Menkaure


Innate Abilities, Weirdness & Mutations

Shadows flee at your approach. (+LOS)
You can swim through water.
You cover ground slowly.
You can hop short distances.


Message History

Menkaure hits your shadow imp!
Your shadow imp dies!
Your crimson imp hits Menkaure.
Menkaure barely misses your crimson imp.
Your crimson imp hits Menkaure but does no damage. x2
Menkaure barely misses your crimson imp.
Menkaure misses your crimson imp.
Your crimson imp hits Menkaure but does no damage. x2
Menkaure hits your crimson imp!!
Your crimson imp dies!
Your crimson imp hits Menkaure.
Menkaure calls on the powers of darkness!
Your body is wracked with pain!
* * * LOW HITPOINT WARNING * * *
Your crimson imp blinks!
Found a helmet.
You hit Menkaure but do no damage.
Menkaure is heavily damaged.
Menkaure hits you!!
You die...

#.#...##..........#.#.#.#
#.#...##'##.#######)..#.#
#.#..........# #.###.#
#.#........#.## ##....#
###.#........#..######.####
.............'.......>.#
###.#........##.##.#.#.#
#.#.......)##..#.#.#.#
#.#........###.#.#.#.#
#.##.............#.#.#
#..#.###.#####@###.#.#
##.#+#.....#..M§.....#
####.......#.#[##........
...#.....###.#. ........
.......).+ # ........
...##....##### ....(...
...'.....((..# ........
...#########.# .5......
...# #.# ........ ...## #.#
....# #.#


You could see Menkaure and a friendly crimson imp.

Vanquished Creatures
  Sigmund (D:5)
  An ogre (D:4)
  A centaur (D:5)
  A scorpion (D:4)
  3 orc priests (D:3)
  A jelly (D:5)
  An orc wizard (D:3)
  A worker ant (D:5)
  A hound skeleton (D:5)
  4 adders
  2 oozes (D:2)
  2 adder skeletons
  A worm (D:4)
  A leopard gecko (D:1)
  5 orcs (D:3)
  7 bats
  4 giant cockroaches
  8 goblins
  4 hobgoblins (D:2)
  4 jackals (D:1)
  9 kobolds
  3 quokkas
  6 frilled lizards
  9 rats
80 creatures vanquished.

Vanquished Creatures (collateral kills)
  A centaur (D:5)
  A water moccasin zombie (D:5)
  A scorpion (D:5)
  An iguana (D:5)
4 creatures vanquished.

Vanquished Creatures (others)
  A wizard (D:4)
1 creature vanquished.

Grand Total: 85 creatures vanquished

Notes
Turn   | Place    | Note
-------+----------+-------------------------------------------
     0 | D:1      | bli the Barachi Ice Elementalist began the quest for the Orb.
     0 | D:1      | Reached XP level 1. HP: 13/13 MP: 3/3
   233 | D:1      | Reached skill level 4 in Ice Magic
   280 | D:1      | Reached XP level 2. HP: 12/19 MP: 3/5
   931 | D:1      | Reached XP level 3. HP: 24/24 MP: 4/6
  1208 | D:2      | Found a glowing silver altar of Zin.
  1208 | D:2      | Found a shimmering altar of Xom.
  1208 | D:2      | Noticed an angel
  1629 | D:2      | Reached XP level 4. HP: 28/30 MP: 4/8
  1638 | D:2      | Learned a level 4 spell: Summon Ice Beast
  1940 | D:2      | Found an iron altar of Okawaru.
  2147 | D:2      | Reached skill level 5 in Ice Magic
  2573 | D:3      | Reached XP level 5. HP: 18/35 MP: 6/10
  2663 | D:4      | Found Iluaj's General Store.
  2667 | D:4      | Bought a scroll of identify for 20 gold pieces
  2935 | D:3      | Reached skill level 1 in Armour
  3009 | D:3      | Found a bloodstained altar of Trog.
  3148 | D:3      | Noticed bli's ghost (amateur BaIE)
  3416 | D:4      | Reached XP level 6. HP: 39/41 MP: 13/13
  3613 | D:4      | Found a bloodstained altar of Trog.
  3613 | D:4      | Noticed a wizard
  3618 | D:4      | Killed a wizard
  3746 | D:4      | Reached skill level 5 in Spellcasting
  4031 | D:5      | Entered Level 5 of the Dungeon
  4071 | D:5      | Noticed Menkaure
  4326 | D:5      | Learned a level 2 spell: Call Imp
  4372 | D:5      | Reached skill level 1 in Fighting
  4372 | D:5      | Reached XP level 7. HP: 20/48 MP: 9/14
  4376 | D:5      | Reached skill level 1 in Short Blades
  4659 | D:5      | Reached skill level 6 in Ice Magic
  4691 | D:5      | HP: 2/49 [water moccasin zombie (4)]
  4697 | D:5      | HP: 2/49 [water moccasin zombie (1)]
  4701 | D:5      | Reached skill level 1 in Summonings
  5038 | D:5      | Found Oxisti's Jewellery Boutique.
  5047 | D:5      | Noticed Sigmund
  5065 | D:5      | Killed Sigmund
  5106 | D:5      | Mangled by Menkaure

Skill      XL: |  1  2  3  4  5  6  7 |
---------------+----------------------+-----
Ice Magic      | 4 5 6 |  6.1
Spellcasting   | 3 4 5 |  5.6
Stealth        | 2 |  2.3
Armour         | 1 2 |  2.6
Fighting       | 1 2 |  2.6
Short Blades   | 2 |  2.1
Summonings     | 1 |  1.3
Dodging        | |  2.7
Conjurations   | |  1.1

Action                   |  1- 3 |  4- 6 |  7- 9 || total
-------------------------+-------+-------+-------++-------
Melee: Unarmed           |    24 |       |       ||    24
       Dagger            |    32 |    78 |    17 ||   127
       Short sword       |       |     2 |       ||     2
 Cast: Freeze            |    49 |    57 |    12 ||   118
       Call Imp          |       |     1 |     9 ||    10
       Summon Ice Beast  |       |     1 |       ||     1
 Abil: Hop               |       |       |     1 ||     1
  Use: Scroll            |       |     3 |       ||     3
       Potion            |       |     1 |       ||     1
 Stab: Sleeping          |     3 |     3 |       ||     6
  Eat: Chunk             |     3 |     5 |     2 ||    10
       Meat ration       |       |     1 |       ||     1
Armor: Robe              |    25 |     1 |       ||    26
       Leather armour    |       |    34 |    10 ||    44
       Ring mail         |       |     9 |       ||     9
Dodge: Dodged            |    68 |    61 |    17 ||   146
